 Dungeon Crawl Stone Soup version 0.19-a0-1608-g4cf22de (webtiles) character file.

100 Alarkh the Grave Robber (level 4, -1/30 HPs)
             Began as a Mummy Necromancer on Sept 17, 2016.
             Slain by a gnoll
             ... wielding a +0 halberd
              (16 damage)
             ... on level 2 of the Dungeon.
             The game lasted 00:03:44 (1944 turns).

Alarkh the Grave Robber (Mummy Necromancer)         Turns: 1944, Time: 00:03:45

Health: -1/30      AC:  7    Str: 11    XL:     4   Next: 47%
Magic:  6/9        EV: 11    Int: 15    God:
Gold:   171        SH:  0    Dex: 12    Spells: 2 memorised, 5 levels left

rFire  x . .     SeeInvis .     f - -1 dagger (curse)
rCold  + . .     Gourm    .     c - +3 leather armour
rNeg   + + +     Faith    .     (no shield)
rPois  ∞         Spirit   .     (no helmet)
rElec  .         Dismiss  .     (no cloak)
rCorr  .         Reflect  .     (no gloves)
MR     .....     Harm     .     (no boots)
Stlth  +.........               (no amulet)
                                (no ring)
                                d - +1 ring of protection

@: no status effects
A: no food or potions, fire vulnerability, cold resistance 1, negative energy
resistance 3, torment resistance, unbreathing
a: no special abilities


You were on level 2 of the Dungeon.
You were not hungry.

You visited 1 branch of the dungeon, and saw 3 of its levels.

You collected 171 gold pieces.

Inventory:

Hand Weapons
 f - a cursed -1 dagger (weapon)
 j - a +2 falchion of holy wrath
Armour
 a - a +0 robe
 c - a +3 leather armour (worn)
Jewellery
 d - a +1 ring of protection (left hand)
Scrolls
 e - 2 scrolls of identify
 g - a scroll of amnesia
 h - 3 scrolls of teleportation
 i - a scroll of random uselessness
 k - 2 scrolls of noise
 l - a scroll of enchant weapon
Books
 b - a book of Necromancy

   Spells                             Type                      Level
   a - Pain                           Necromancy                   1
   b - Animate Skeleton               Necromancy                   1
   c - Vampiric Draining              Necromancy                   3
   d - Regeneration                   Charms/Necromancy            3
   e - Animate Dead                   Necromancy                   4
   f - Control Undead                 Necromancy                   4


   Skills:
 - Level 1.5 Dodging
 - Level 1.5 Stealth
 + Level 3.4 Spellcasting
 + Level 5.0 Necromancy


You had 5 spell levels left.
You knew the following spells:

 Your Spells              Type           Power        Failure   Level  Hunger
a - Pain                  Necr           ###.         3%          1    N/A
b - Vampiric Draining     Necr           ###.......   12%         3    N/A

Dungeon Overview and Level Annotations

Branches:
Dungeon (3/15)

Altars:
Ashenzari
Vehumet
Jiyva


Innate Abilities, Weirdness & Mutations

You do not eat or drink.
Your flesh is vulnerable to fire.
You are immune to poison.
Your flesh is cold resistant. (rC+)
You are immune to negative energy. (rN+++)
You are immune to unholy pain and torment.
You can survive without breathing.


Message History

Casting: Pain
Confirm with . or Enter, or press ? or * to list all spells.
Aiming: Pain
Press: ? - help, Shift-Dir - straight line, f - gnoll
Aim: a gnoll, wielding a halberd (chance to defeat MR: 82%)
The gnoll writhes in agony!
The gnoll barely misses you.
Casting: Pain
Confirm with . or Enter, or press ? or * to list all spells.
Aiming: Pain
Press: ? - help, Shift-Dir - straight line, f/p - gnoll
Aim: a gnoll, wielding a halberd (lightly wounded, chance to defeat MR: 82%)
The gnoll writhes in agony!
Casting: Pain
Confirm with . or Enter, or press ? or * to list all spells.
Aiming: Pain
Press: ? - help, Shift-Dir - straight line, f/p - gnoll
Aim: a gnoll, wielding a halberd (moderately wounded, chance to defeat MR: 82%)
The gnoll writhes in agony!
The gnoll hits you with a halberd!
Ouch! That really hurt!
You die...

#.......##.#.#.#.......
#########################.
#..............)....#####.
###...#...#...#...#..#...#.
#..................._#...#.
#.#...#...#...#...#..#..<#.
#....................#...#.
#.####################...#.
#.###....g@..).............
#....^.....###..........##.
#####........).............
#.......##.......#####.
#......###.).....# ##
#......# #.......# #......#
#..)....# ########
#.......######
#######.............


You could see a gnoll.

Vanquished Creatures
  An eye of draining (D:3)
  A jelly (D:2)
  A gnoll (D:2)
  4 adders (D:2)
  An ooze (D:3)
  2 dart slugs
  A leopard gecko (D:1)
  4 giant cockroaches
  6 goblins
  4 hobgoblins
  3 jackals (D:2)
  4 kobolds
  A quokka (D:2)
  3 bats
  4 frilled lizards
  8 rats
48 creatures vanquished.

Vanquished Creatures (others)
  A rat (D:2)
1 creature vanquished.

Grand Total: 49 creatures vanquished

Notes
Turn   | Place    | Note
-------+----------+-------------------------------------------
     0 | D:1      | Alarkh the Mummy Necromancer began the quest for the Orb.
     0 | D:1      | Reached XP level 1. HP: 13/13 MP: 3/3
   159 | D:1      | Found a shattered altar of Ashenzari.
   171 | D:1      | Reached XP level 2. HP: 14/19 MP: 0/5
   714 | D:2      | Reached XP level 3. HP: 13/24 MP: 0/7
   786 | D:2      | Learned a level 3 spell: Vampiric Draining
   802 | D:2      | Found a faded altar of an unknown god.
   816 | D:2      | Became a worshipper of Jiyva Jeqangew the Shapeless
   816 | D:2      | Reached * piety under Jiyva
   816 | D:2      | Fell from the grace of Jiyva
  1094 | D:2      | Reached XP level 4. HP: 10/30 MP: 0/8
  1413 | D:2      | Found a radiant altar of Vehumet.
  1511 | D:3      | Noticed an eye of draining
  1642 | D:3      | Killed an eye of draining
  1656 | D:3      | Reached skill level 5 in Necromancy
  1944 | D:2      | Slain by a gnoll

Vault maps used:
D:1:      dpeg_arrival_tiny_f, dk_noncrumbling_3, ashenzari_altar_1
D:2:      lemuel_coloured_pillars_altar, ecumenical_altar_2

Skill      XL: |  1  2  3  4 |
---------------+-------------+-----
Spellcasting   | 3 |  3.4
Necromancy     | 5 |  5.0
Dodging        | |  1.5
Stealth        | |  1.5

Action                   |  1- 3 |  4- 6 || total
-------------------------+-------+-------++-------
Melee: Dagger            |    78 |    61 ||   139
       Unarmed           |     1 |       ||     1
 Cast: Pain              |    64 |    32 ||    96
Invok: Renounce Religion |     1 |       ||     1
  Use: Scroll            |     3 |     3 ||     6
Armor: Leather armour    |    46 |     8 ||    54
Dodge: Dodged            |    64 |    17 ||    81
